% Time on Ice - BANFF WOLVES
Lines # - Real PCT - Wanted PCT - Time Play
Normal Forward
1 - 32% - 34% - 16:09
2 - 31% - 34% - 15:39
3 - 24% - 27% - 12:18
4 - 12% - 5% - 6:11
Normal Defense
1 - 36% - 36% - 18:11
2 - 33% - 33% - 16:27
3 - 31% - 31% - 15:32
4 - 0% - 0% - 0:07
PP Forward
1 - 49% - 55% - 2:29
2 - 51% - 45% - 2:33
PP Defense
1 - 72% - 55% - 3:36
2 - 28% - 45% - 1:26
PK Forward
1 - 76% - 55% - 3:33
2 - 24% - 45% - 1:08
PK Defense
1 - 64% - 55% - 3:00
2 - 36% - 45% - 1:41
PK3 Forward
1 - 58% - 55% - 0:44
2 - 42% - 45% - 0:32
PK3 Defense
1 - 50% - 55% - 0:38
2 - 50% - 45% - 0:38
44 Forward
1 - 0% - 55%
2 - 0% - 45%
44 Defense
1 - 0% - 55%
2 - 0% - 45%
Last Minute Offensive  - 0:00
Last Minute Defensive  - 0:00
Total
Forward - 61:16
Defense - 61:16
% Time on Ice - PORTLAND PIRATES
Lines # - Real PCT - Wanted PCT - Time Play
Normal Forward
1 - 32% - 33% - 16:01
2 - 31% - 32% - 15:49
3 - 27% - 28% - 13:33
4 - 10% - 7% - 4:54
Normal Defense
1 - 35% - 33% - 17:36
2 - 32% - 33% - 15:58
3 - 30% - 28% - 15:06
4 - 3% - 6% - 1:37
PP Forward
1 - 62% - 60% - 2:54
2 - 38% - 40% - 1:47
PP Defense
1 - 60% - 60% - 2:50
2 - 40% - 40% - 1:51
PK Forward
1 - 80% - 60% - 4:02
2 - 20% - 40% - 1:00
PK Defense
1 - 60% - 60% - 3:01
2 - 40% - 40% - 2:01
PK3 Forward
1 - 0% - 60%
2 - 0% - 40%
PK3 Defense
1 - 0% - 60%
2 - 0% - 40%
44 Forward
1 - 67% - 60% - 0:51
2 - 33% - 40% - 0:25
44 Defense
1 - 67% - 60% - 0:51
2 - 33% - 40% - 0:25
Last Minute Offensive  - 0:00
Last Minute Defensive  - 0:00
Total
Forward - 61:16
Defense - 61:16
Play-by-Play 1st period 0:01 of 1st period - Jonathan Toews wins face-off versus Jack Eichel in neutral zone. 0:43 of 1st period - Shot by Jonathan Toews. 0:43 of 1st period - Stopped by Ilya Samsonov without a rebound. 0:44 of 1st period - Pavel Zacha wins face-off versus Roope Hintz in BANFF WOLVES zone. 0:54 of 1st period - Brett Connolly is hit by Jamie Oleksiak. 1:02 of 1st period - Shot by Rickard Rakell. 1:02 of 1st period - Goal by Rickard Rakell - BANFF WOLVES : 0 - PORTLAND PIRATES : 1. 1:03 of 1st period - James Neal wins face-off versus Jason Dickinson in neutral zone. 1:17 of 1st period - Shot by Yanni Gourde. 1:17 of 1st period - Shot Misses the Net. 1:33 of 1st period - Shot by James Neal. 1:33 of 1st period - Stopped by Ben Bishop with a rebound. 2:12 of 1st period - Shot by Kevin Labanc. 2:12 of 1st period - Shot Blocked by Brett Connolly. 2:29 of 1st period - Off-side. 2:30 of 1st period - Michael Amadio wins face-off versus Dominic Turgeon in neutral zone. 2:30 of 1st period - Michael Amadio is hit by Miles Wood. 2:33 of 1st period - Thomas Chabot is hit by Mathew Dumba and loses puck. 2:42 of 1st period - Thomas Chabot is hit by Mike Ferland. 3:45 of 1st period - Shot by Travis Konecny. 3:45 of 1st period - Stopped by Ilya Samsonov without a rebound. 3:46 of 1st period - James Neal wins face-off versus Rickard Rakell in BANFF WOLVES zone. 5:39 of 1st period - Shot by Jason Dickinson. 5:39 of 1st period - Stopped by Ilya Samsonov without a rebound. 5:40 of 1st period - Brady Tkachuk wins face-off versus Michael Amadio in BANFF WOLVES zone. 5:40 of 1st period - Brady Tkachuk is hit by Adam Erne. 6:06 of 1st period - Off-side. 6:07 of 1st period - Jason Dickinson wins face-off versus Dominic Turgeon in neutral zone. 6:13 of 1st period - Minor Penalty to Gabriel Landeskog for Roughing. 6:14 of 1st period - Jack Eichel wins face-off versus Yanni Gourde in PORTLAND PIRATES zone. 6:21 of 1st period - Shot by Jack Eichel. 6:21 of 1st period - Shot Misses the Net. 6:23 of 1st period - Shot by Jack Eichel. 6:23 of 1st period - Stopped by Ben Bishop without a rebound. 6:24 of 1st period - James van Riemsdyk wins face-off versus Yanni Gourde in PORTLAND PIRATES zone. 6:44 of 1st period - Brady Tkachuk is hit by Alec Martinez and loses puck. 6:52 of 1st period - James van Riemsdyk is hit by Alec Martinez and loses puck. 7:01 of 1st period - Shot by Brady Tkachuk. 7:01 of 1st period - Shot Misses the Net. 7:03 of 1st period - Shot by Brady Tkachuk. 7:03 of 1st period - Stopped by Ben Bishop without a rebound. 7:04 of 1st period - Jack Eichel wins face-off versus Michael Amadio in PORTLAND PIRATES zone. 7:15 of 1st period - Shot by Jason Zucker. 7:15 of 1st period - Deflect By Jack Eichel. 7:15 of 1st period - Shot Blocked by Travis Hamonic. 7:17 of 1st period - Shot by Jack Eichel. 7:17 of 1st period - Goal by Jack Eichel - BANFF WOLVES : 1 - PORTLAND PIRATES : 1. 7:18 of 1st period - Jonathan Toews wins face-off versus Miles Wood in neutral zone. 8:24 of 1st period - Shot by Yanni Gourde. 8:24 of 1st period - Stopped by Ilya Samsonov without a rebound. 8:25 of 1st period - Jack Eichel wins face-off versus Pavel Zacha in BANFF WOLVES zone. 8:38 of 1st period - Jamie Oleksiak is hit by Rickard Rakell. 8:42 of 1st period - Jack Eichel is hit by Pavel Zacha and loses puck. 8:52 of 1st period - Shot by Brett Connolly. 8:52 of 1st period - Shot Hit the Post. 8:54 of 1st period - Shot by Brett Connolly. 8:54 of 1st period - Deflect By Rickard Rakell. 8:54 of 1st period - Stopped by Ilya Samsonov without a rebound. 8:55 of 1st period - Roope Hintz wins face-off versus Jason Dickinson in BANFF WOLVES zone. 8:57 of 1st period - Kevin Labanc is hit by Jason Dickinson and loses puck. 10:44 of 1st period - Brett Connolly is hit by James Neal. 10:59 of 1st period - Robert Thomas is hit by Trevor van Riemsdyk and loses puck. 11:06 of 1st period - Shot by Jonathan Toews. 11:06 of 1st period - Stopped by Ilya Samsonov without a rebound. 11:06 of 1st period - Minor Penalty to Trevor van Riemsdyk for Tripping. 11:07 of 1st period - Jack Eichel wins face-off versus Jonathan Toews in BANFF WOLVES zone. 11:56 of 1st period - Shot by Thomas Chabot. 11:56 of 1st period - Stopped by Ilya Samsonov without a rebound. 11:57 of 1st period - Jack Eichel wins face-off versus Pavel Zacha in BANFF WOLVES zone. 12:18 of 1st period - Shot by Brett Connolly. 12:18 of 1st period - Deflect By Gabriel Landeskog. 12:18 of 1st period - Stopped by Ilya Samsonov without a rebound. 12:19 of 1st period - Jonathan Toews wins face-off versus Roope Hintz in BANFF WOLVES zone. 12:30 of 1st period - Jack Eichel is hit by Jonathan Toews and loses puck. 13:04 of 1st period - Shot by Gabriel Landeskog. 13:04 of 1st period - Deflect By Pavel Zacha. 13:04 of 1st period - Shot Misses the Net. 13:10 of 1st period - Shot by Yanni Gourde. 13:10 of 1st period - Deflect By Gabriel Landeskog. 13:10 of 1st period - Shot Misses the Net. 13:22 of 1st period - Shot by Yanni Gourde. 13:22 of 1st period - Deflect By Gabriel Landeskog. 13:22 of 1st period - Stopped by Ilya Samsonov without a rebound. 13:23 of 1st period - Dominic Turgeon wins face-off versus Michael Amadio in BANFF WOLVES zone. 13:29 of 1st period - Off-side. 13:30 of 1st period - Michael Amadio wins face-off versus James Neal in neutral zone. 13:53 of 1st period - Shot by James van Riemsdyk. 13:53 of 1st period - Shot Blocked by Travis Hamonic. 13:55 of 1st period - Shot by Alex Tuch. 13:55 of 1st period - Stopped by Ben Bishop without a rebound. 13:56 of 1st period - Jonathan Toews wins face-off versus Roope Hintz in PORTLAND PIRATES zone. 13:56 of 1st period - Jonathan Toews is hit by Roope Hintz. 13:57 of 1st period - Minor Penalty to Nikita Gusev for Boarding. 13:58 of 1st period - Jack Eichel wins face-off versus Jonathan Toews in BANFF WOLVES zone. 14:24 of 1st period - Shot by Brady Tkachuk. 14:24 of 1st period - Deflect By Roope Hintz. 14:24 of 1st period - Stopped by Ben Bishop without a rebound. 14:25 of 1st period - Roope Hintz wins face-off versus Pavel Zacha in PORTLAND PIRATES zone. 15:59 of 1st period - Shot by Gabriel Landeskog. 15:59 of 1st period - Shot Misses the Net. 16:04 of 1st period - Icing by Jamie Oleksiak. 16:05 of 1st period - Jason Dickinson wins face-off versus James Neal in BANFF WOLVES zone. 17:08 of 1st period - Shot by Adam Erne. 17:08 of 1st period - Stopped by Ilya Samsonov without a rebound. 17:09 of 1st period - Jonathan Toews wins face-off versus Dominic Turgeon in BANFF WOLVES zone. 17:16 of 1st period - Shot by Travis Konecny. 17:16 of 1st period - Stopped by Ilya Samsonov without a rebound. 17:17 of 1st period - Dominic Turgeon wins face-off versus Jonathan Toews in BANFF WOLVES zone. 17:44 of 1st period - Shot by Miles Wood. 17:44 of 1st period - Shot Misses the Net. 18:27 of 1st period - Icing by Pavel Zacha. 18:28 of 1st period - Jack Eichel wins face-off versus Rickard Rakell in PORTLAND PIRATES zone. 19:37 of 1st period - Icing by Philippe Myers. 19:38 of 1st period - Roope Hintz wins face-off versus Jason Dickinson in BANFF WOLVES zone. 19:59 of 1st period - Yanni Gourde is hit by Trevor van Riemsdyk and loses puck. Goals for this period are 1 for BANFF WOLVES vs 1 for PORTLAND PIRATES. Shots for this period are 6 for BANFF WOLVES vs 12 for PORTLAND PIRATES. 2nd period 0:01 of 2nd period - Jack Eichel wins face-off versus Jonathan Toews in neutral zone. 2:05 of 2nd period - Shot by James Neal. 2:05 of 2nd period - Stopped by Ben Bishop without a rebound. 2:06 of 2nd period - Dominic Turgeon wins face-off versus Michael Amadio in PORTLAND PIRATES zone. 2:33 of 2nd period - Shot by Michael Amadio. 2:33 of 2nd period - Shot Misses the Net. 3:01 of 2nd period - Shot by Jason Zucker. 3:01 of 2nd period - Shot Misses the Net. 3:03 of 2nd period - Shot by Brady Tkachuk. 3:03 of 2nd period - Stopped by Ben Bishop without a rebound. 3:04 of 2nd period - Jonathan Toews wins face-off versus Roope Hintz in PORTLAND PIRATES zone. 3:27 of 2nd period - Jonathan Toews is hit by Jamie Oleksiak and loses puck. 3:35 of 2nd period - Travis Konecny is hit by Johnny Boychuk and loses puck. 3:45 of 2nd period - Off-side. 3:46 of 2nd period - Jack Eichel wins face-off versus Jason Dickinson in neutral zone. 4:01 of 2nd period - Shot by Jack Eichel. 4:01 of 2nd period - Shot Misses the Net. 4:07 of 2nd period - Shot by Jason Zucker. 4:07 of 2nd period - Shot Blocked by Brett Pesce. 4:09 of 2nd period - Shot by Brady Tkachuk. 4:09 of 2nd period - Deflect By Jason Zucker. 4:09 of 2nd period - Shot Misses the Net. 4:11 of 2nd period - Shot by Trevor van Riemsdyk. 4:11 of 2nd period - Shot Misses the Net. 4:13 of 2nd period - Shot by Jack Eichel. 4:13 of 2nd period - Shot Misses the Net. 4:15 of 2nd period - Shot by Jack Eichel. 4:15 of 2nd period - Stopped by Ben Bishop without a rebound. 4:16 of 2nd period - Brett Connolly wins face-off versus James Neal in PORTLAND PIRATES zone. 4:18 of 2nd period - Icing by Rickard Rakell. 4:19 of 2nd period - Pavel Zacha wins face-off versus Kevin Labanc in PORTLAND PIRATES zone. 4:40 of 2nd period - Shot by Rickard Rakell. 4:40 of 2nd period - Stopped by Ilya Samsonov without a rebound. 4:41 of 2nd period - Jonathan Toews wins face-off versus Jack Eichel in BANFF WOLVES zone. 4:46 of 2nd period - Shot by Robert Thomas. 4:46 of 2nd period - Stopped by Ilya Samsonov without a rebound. 4:47 of 2nd period - Jack Eichel wins face-off versus Jonathan Toews in BANFF WOLVES zone. 4:59 of 2nd period - Mathew Dumba is hit by Jonathan Toews and loses puck. 5:14 of 2nd period - Shot by Brady Tkachuk. 5:14 of 2nd period - Shot Misses the Net. 5:21 of 2nd period - Shot by Travis Konecny. 5:21 of 2nd period - Stopped by Ilya Samsonov with a rebound. 5:23 of 2nd period - Shot by Jonathan Toews. 5:23 of 2nd period - Stopped by Ilya Samsonov without a rebound. 5:24 of 2nd period - Roope Hintz wins face-off versus Jason Dickinson in BANFF WOLVES zone. 6:37 of 2nd period - Gabriel Landeskog is hit by Brady Tkachuk and loses puck. 6:51 of 2nd period - Icing by Brett Pesce. 6:52 of 2nd period - James Neal wins face-off versus Jason Dickinson in PORTLAND PIRATES zone. 6:55 of 2nd period - Shot by James van Riemsdyk. 6:55 of 2nd period - Stopped by Ben Bishop without a rebound. 6:56 of 2nd period - Pavel Zacha wins face-off versus Jack Eichel in PORTLAND PIRATES zone. 7:10 of 2nd period - Icing by Pavel Zacha. 7:11 of 2nd period - Pavel Zacha wins face-off versus James Neal in PORTLAND PIRATES zone. 7:37 of 2nd period - Shot by James van Riemsdyk. 7:37 of 2nd period - Stopped by Ben Bishop without a rebound. 7:38 of 2nd period - Jonathan Toews wins face-off versus Jack Eichel in PORTLAND PIRATES zone. 7:46 of 2nd period - Off-side. 7:47 of 2nd period - Jonathan Toews wins face-off versus Roope Hintz in neutral zone. 7:49 of 2nd period - Off-side. 7:50 of 2nd period - Jonathan Toews wins face-off versu